 Dungeon Sprint DCSS version 0.18.1-8-gdd0e5ea (webtiles) character file.

242 Hipnos the Ruffian (level 5, 0/41 HPs)
             Began as a Draconian Transmuter on May 21, 2016.
             Was an Initiate of Sif Muna.
             Slain by a yak (12 damage)
             ... in the Dungeon (Sprint I: "Red Sonja").
             The game lasted 00:02:23 (430 turns).

Hipnos the Ruffian (Draconian Transmuter)            Turns: 430, Time: 00:02:24

Health: 0/41       AC:  5    Str: 13    XL:     5   Next: 82%
Magic:  6/13       EV: 14    Int: 13    God:    Sif Muna [......]
Gold:   297        SH:  0    Dex: 12    Spells: 2 memorised, 12 levels left

rFire  . . .     SeeInvis .       - Unarmed
rCold  . . .     Gourm    .     (armour unavailable)
rNeg   . . .     Faith    .     (no shield)
rPois  .         Spirit   .     (helmet restricted)
rElec  .         Dismiss  .     (no cloak)
rCorr  .         Reflect  .     (no gloves)
SustAt .         Harm     .     (no boots)
MR     .....     NoTele   +     (no amulet)
Stlth  +.........               (no ring)
                                (no ring)

@: appendage, not resistant to hostile enchantments, very unstealthy
A: unfitting armour, horns 2, cold-blooded, AC +5
a: End Transformation, Renounce Religion


You were in the Dungeon.
You worshipped Sif Muna.
Sif Muna was noncommittal.
You were not hungry.
You had grown temporary horns.
You visited 1 branch You collected 297 gold pieces.

Inventory:

Missiles
 a - 2 arrows
Scrolls
 i - a scroll of blinking
 k - a scroll of identify {unknown}
 l - a scroll of recharging {unknown}
Potions
 d - a potion of curing
 e - a potion of heal wounds
 f - a potion of haste
 g - a potion of magic
 h - a potion of berserk rage
Books
 b - a book of Changes

   Spells                             Type                      Level
   a - Beastly Appendage              Transmutation                1
   b - Sticks to Snakes               Transmutation                2
   c - Spider Form                    Transmutation/Poison         3
   d - Ice Form                       Ice/Transmutation            4
   e - Blade Hands                    Transmutation                5
Comestibles
 c - 2 bread rations
 j - 3 chunks of flesh


   Skills:
 + Level 2.0 Fighting
 + Level 4.9 Dodging
 + Level 7.9 Unarmed Combat
 + Level 5.5 Spellcasting
 + Level 5.9 Transmutations


You had 12 spell levels left.
You knew the following spells:

 Your Spells              Type           Power        Failure   Level  Hunger
a - Beastly Appendage     Trmt           ###...       1%          1    None
b - Sticks to Snakes      Trmt           ###.....     2%          2    ##.....


Dungeon Overview and Level Annotations

Branches:
Dungeon (1/1)

Altars:
Elyvilon
Gozag
Kikubaaqudgha
Makhleb
Nemelex Xobeh
Pakellas
Qazlal
Ru
Sif Muna
Vehumet
Xom
Yredelemnul
Zin
The Shining One

Shops:
D (


Innate Abilities, Weirdness & Mutations

Your plain brown scales are hard (AC +5).
Your body does not fit into most forms of armour.
You are cold-blooded and may be slowed by cold attacks.
You have a pair of horns on your head.


Message History

Your ball python bites the yak but does no damage.
You hit the yak but do no damage. Your headbutt misses the yak.
The yak is severely wounded.
Your ball python closely misses the yak.
The yak gores your ball python.
Your ball python barely misses the yak.
Casting: Sticks to Snakes
Confirm with . or Enter, or press ? or * to list all spells.
You create a snake!
You now have 4 arrows.
The yak gores your ball python.
Your ball python dies!
Casting: Sticks to Snakes
Confirm with . or Enter, or press ? or * to list all spells.
You create 2 snakes!
You now have 2 arrows.
The yak misses your adder.
Your ball python bites the yak.
Your ball python bites the yak.
Your adder bites the yak but does no damage.
There is a deep blue altar of Sif Muna here.
You punch the yak!
The yak is almost dead.
The yak gores you!
You die...

################
#<.#..'..#..'..#
#..').#..)..#..+
#..#####'#####'#
#..# #..#...#.#
#..#__####..##S#
#).#_.___##'#S.+
#⌠⌠#_.∩...'..Y@#
####_..._##_S#'#
___ ##+#.# # ###


You could see a yak, a friendly adder and 2 friendly ball pythons.

Vanquished Creatures
  Sigmund (D)
  An ogre (D)
  A jelly (D)
  Ijyb (D)
4 creatures vanquished.

Notes
Turn   | Place    | Note
--------------------------------------------------------------
     0 | D        | Hipnos the Draconian Transmuter began the quest for the Orb.
     0 | D        | Reached XP level 1. HP: 16/16 MP: 3/3
     3 | D        | Noticed Ijyb
    26 | D        | Killed Ijyb
    26 | D        | Reached skill level 4 in Unarmed Combat
    26 | D        | Reached XP level 2. HP: 20/23 MP: 0/5
    46 | D        | Learned a level 2 spell: Sticks to Snakes
    75 | D        | Noticed an ogre
    99 | D        | Killed an ogre
    99 | D        | Reached skill level 5 in Unarmed Combat
    99 | D        | Reached XP level 3. HP: 17/28 MP: 1/8
    99 | D        | Reached XP level 4. HP: 22/35 MP: 1/9
   216 | D        | Noticed Sigmund
   223 | D        | Killed Sigmund
   223 | D        | Reached skill level 7 in Unarmed Combat
   223 | D        | Reached skill level 5 in Spellcasting
   223 | D        | Reached skill level 5 in Transmutations
   223 | D        | Reached XP level 5. HP: 26/41 MP: 6/12
   246 | D        | Found a deep blue altar of Sif Muna.
   248 | D        | Found a radiant altar of Vehumet.
   252 | D        | Became a worshipper of Sif Muna the Loreminder
   412 | D        | Found Zafir Ipn's Weapon Emporium.
   412 | D        | Found a white marble altar of Elyvilon.
   412 | D        | Found a stormy altar of Qazlal.
   412 | D        | Found a burning altar of Makhleb.
   412 | D        | Found a sacrificial altar of Ru.
   412 | D        | Found an oddly glowing altar of Pakellas.
   412 | D        | Found a basalt altar of Yredelemnul.
   412 | D        | Found a glowing golden altar of the Shining One.
   412 | D        | Found a sparkling altar of Nemelex Xobeh.
   412 | D        | Found a shimmering altar of Xom.
   412 | D        | Found an opulent altar of Gozag.
   412 | D        | Found an ancient bone altar of Kikubaaqudgha.
   412 | D        | Found a glowing silver altar of Zin.
   412 | D        | Noticed a yak
   430 | D        | Slain by a yak

Skill      XL: |  1  2  3  4  5 |
---------------+----------------+-----
Dodging        | 3 4 |  4.9
Unarmed Combat | 4 5 7 |  7.9
Transmutations | 3 4 5 |  5.9
Spellcasting   | 3 5 |  5.5
Fighting       | 2 |  2.0

Action                   |  1- 3 |  4- 6 || total
-------------------------+-------+-------++-------
Melee: Unarmed           |    28 |    14 ||    42
       Headbutt          |     2 |     1 ||     3
       Kick              |     4 |       ||     4
       Tailslap          |     2 |     3 ||     5
       Punch             |     1 |       ||     1
 Cast: Beastly Appendage |     3 |     3 ||     6
       Sticks to Snakes  |     4 |     5 ||     9
  Use: Potion            |     1 |       ||     1
Armor: Skin              |     1 |     3 ||     4
Dodge: Dodged            |    13 |     6 ||    19
